 Dungeon Crawl Stone Soup version 0.30-a0-782-ge64f9170bb (console) character file.

Game seed: 3843184807046600863

919 utis the Gusty (level 8, -2/48 HPs)
             Began as a Tengu Wanderer on Feb 26, 2023.
             Slain by a gnoll sergeant
             ... wielding a +0 spear
              (9 damage)
             ... on level 5 of the Dungeon.
             The game lasted 00:16:07 (4472 turns).

utis the Gusty (Tengu Wanderer)                     Turns: 4472, Time: 00:16:08

Health: -2/48      AC:  5    Str: 13    XL:     8   Next: 9%
Magic:  12/12      EV: 15    Int: 13    God:
Gold:   237        SH:  0    Dex: 17    Spells: 7/11 levels left

rFire   . . .      SeeInvis .    a - +4 short sword "Jibut" {speed, Dex+2}
rCold   . . .      Faith    .    (no shield)
rNeg    . . .      Spirit   .    k - +0 ring mail
rPois   .          Reflect  .    (helmet restricted)
rElec   .          Harm     .    (no cloak)
rCorr   .          Rampage  .    (no gloves)
Will    .....                    (boots unavailable)
Stlth   +                        (no amulet)
HPRegen 0.28/turn                (no ring)
MPRegen 0.13/turn                (no ring)

@: flying quickly and evasively, quick
A: beak, talons 3, nimble flight
a: no special abilities


You were on level 5 of the Dungeon.
You visited 1 branch of the dungeon, and saw 5 of its levels.
You also visited: Sewer.

You collected 237 gold pieces.

Inventory:

Hand Weapons
 a - the +4 short sword "Jibut" (weapon) {speed, Dex+2}
   (You found it on level 2 of the Dungeon)

   Dex:       It affects your dexterity (+2).
 d - a +0 halberd
 p - a +4 heavy hand axe
Missiles
 r - 2 poisoned darts
Armour
 c - a +0 leather armour
 f - a +0 troll leather armour {Pargi}
 k - a +0 ring mail (worn)
 l - a +0 scale mail
Jewellery
 G - an amulet of guardian spirit
Scrolls
 b - a scroll of fear
 e - a scroll of amnesia
 g - 3 scrolls of enchant weapon
 n - a scroll of vulnerability
 o - a scroll of magic mapping {unknown}
 t - a scroll of teleportation {@r4}
 u - 3 scrolls of identify {@r1}
Potions
 h - a potion of curing {unknown}
 i - a potion of brilliance {unknown}
 j - 2 potions of flight {unknown}
 m - a potion of cancellation {unknown}
 q - 2 potions of invisibility
 s - a potion of attraction {unknown}
 v - a potion of heal wounds {unknown}


   Skills:
 + Level 4.2 Fighting
 - Level 4.3 Axes
 + Level 5.0 Dodging
 - Level 2.0 Spellcasting
 - Level 4.0 Conjurations
 + Level 7.3 Air Magic
 - Level 1.0 Evocations


You had 7 spell levels left.
You knew the following spells:

 Your Spells              Type           Power      Damage    Failure   Level
z - Shock                 Conj/Air       64%        1d7       5%          1
W - Swiftness             Air            20%        N/A       9%          3

Your spell library contained the following spells:

 Spells                   Type           Power      Damage    Failure   Level
 Slow                     Hex            4%         N/A       50%         1
 Confusing Touch          Hex            1%         N/A       86%         3
 Vampiric Draining        Necr           1%         2d6       86%         3


Dungeon Overview and Level Annotations

Branches:
Dungeon (5/15)              Sewer (visited)
 Temple: D:4-7

Altars:
Hepliaklqana
Okawaru
Vehumet

Annotations:
D:2 Sigmund


Innate Abilities, Weirdness & Mutations

You have a beak for a mouth.
You have claws for feet.
Your magical nature lets you fly swiftly and evasively.


Message History

The gnoll sergeant misses you.
You hit the gnoll sergeant but do no damage.
You claw the gnoll sergeant.
You peck the gnoll sergeant, but do no damage.
The gnoll sergeant is lightly wounded.
You hit the gnoll sergeant.
You claw the gnoll sergeant, but do no damage.
The gnoll sergeant is moderately wounded.
The gnoll hits you from afar with a +0 spear.
The gnoll sergeant hits you with a +0 spear!
The gnoll barely misses you.
You hit the gnoll sergeant but do no damage.
You peck the gnoll sergeant.
The gnoll sergeant is moderately wounded.
You closely miss the gnoll sergeant.
The gnoll sergeant is moderately wounded.
The gnoll hits you from afar with a +0 spear. x2
The gnoll sergeant closely misses you.
You puncture the gnoll sergeant!
You peck the gnoll sergeant, but do no damage.
The gnoll sergeant is severely wounded.
The gnoll barely misses you. The gnoll sergeant closely misses you.
The gnoll hits you from afar with a +0 spear!
* * * LOW HITPOINT WARNING * * *
You completely miss the gnoll sergeant.
You claw the gnoll sergeant, but do no damage.
You peck the gnoll sergeant, but do no damage.
The gnoll sergeant is severely wounded.
You barely miss the gnoll sergeant. Your kick misses the gnoll sergeant.
Your peck misses the gnoll sergeant.
The gnoll sergeant is severely wounded.
The gnoll hits you from afar with a +0 spear.
* * * LOW HITPOINT WARNING * * *
The gnoll sergeant hits you with a +0 spear.
* * * LOW HITPOINT WARNING * * *
The gnoll hits you from afar with a +0 spear.
* * * LOW HITPOINT WARNING * * *
You are too injured to fight recklessly!
The gnoll sergeant hits you from afar with a +0 spear!
You die...

░ ......░...░ ░
......░..░░ ░
......░..░ ░
......░..░ ░░
g.....░'░░░ .░
░░░░░░░░g.....░...░
.░
░.....€gg.....░...░
.░
+.......░░░░░░░<..░
.░
░......Q░.........░
g░
░.......░.........░
.░
░.....>.░░░░░░░..░░
.░░░
░............░░..░
...░
░░░░░░░░.....░...░
...+
░.....░.....░...░
...░
░.....░.....░...░
...░
░.....'.....░...░
.░░░
░░░+░░░.....░...░


You could see a gnoll sergeant and 3 gnolls.

Vanquished Creatures
  Pargi (Sewer)
  2 black bears (D:4)
  2 phantoms
  A kobold brigand (D:3)
  2 howler monkeys (D:4)
  A human zombie (D:4)
  A human skeleton (D:4)
  2 iguanas
  3 orc wizards (D:4)
  4 gnolls (D:3)
  6 adders
  A dart slug (D:4)
  An orc (D:4)
  2 ball pythons (D:2)
  13 endoplasms
  5 giant cockroaches
  9 goblins
  9 hobgoblins
  9 bats
  A frilled lizard (D:1)
  7 kobolds
  4 orc skeletons (D:4)
  7 rats
93 creatures vanquished.

Notes
Turn   | Place    | Note
-------+----------+-------------------------------------------
     0 | D:1      | utis the Tengu Wanderer began the quest for the Orb.
     0 | D:1      | utis set off with the following items: a +3 hand axe, a
                  | scroll of fear, a +0 leather armour; and the following
                  | spell memorised: Shock; and the following spells available
                  | to memorise: Swiftness.
     0 | D:1      | Reached XP level 1. HP: 12/12 MP: 3/3
   175 | D:1      | Reached skill level 1 in Conjurations
   175 | D:1      | Reached skill level 3 in Air Magic
   179 | D:1      | Reached XP level 2. HP: 17/17 MP: 4/4
   742 | D:1      | Reached skill level 1 in Dodging
   746 | D:1      | Reached XP level 3. HP: 18/21 MP: 5/5
  1019 | D:2      | Noticed Sigmund
  1251 | D:2      | Found a radiant altar of Vehumet.
  1355 | D:2      | Identified the +4 short sword "Jibut" {speed, Dex+2}
  1409 | D:2      | You fall into a shaft and drop 1 floor!
  1644 | D:3      | Found a glowing drain.
  1677 | D:3      | Reached XP level 4. HP: 20/26 MP: 1/7
  1680 | D:3      | Reached skill level 4 in Air Magic
  1695 | Sewer    | Entered a sewer
  1757 | Sewer    | Learned a level 3 spell: Swiftness
  1792 | Sewer    | Noticed Pargi
  1915 | Sewer    | Killed Pargi
  1916 | Sewer    | Gained mutation: Your magical nature lets you fly swiftly
                  | and evasively. [Tengu growth]
  1916 | Sewer    | Reached XP level 5. HP: 19/30 MP: 0/9
  2391 | D:3      | Found a hazy altar of Hepliaklqana.
  2391 | D:3      | Found an iron altar of Okawaru.
  2432 | D:3      | Noticed a kobold brigand
  2446 | D:3      | Killed a kobold brigand
  2447 | D:3      | Reached skill level 5 in Air Magic
  2447 | D:3      | Reached XP level 6. HP: 21/35 MP: 10/10
  2897 | D:4      | Noticed a black bear
  2907 | D:4      | Killed a black bear
  3013 | D:3      | Reached skill level 6 in Air Magic
  3131 | D:4      | Reached XP level 7. HP: 32/41 MP: 5/11
  3511 | D:4      | Reached skill level 7 in Air Magic
  4196 | D:5      | Entered Level 5 of the Dungeon
  4367 | D:5      | Reached XP level 8. HP: 45/48 MP: 12/12
  4440 | D:5      | Reached skill level 5 in Dodging
  4472 | D:5      | Slain by a gnoll sergeant

Illustrated notes

Levels and vault maps discovered:
D:1:      elethiomel_arrival_infinity_welcomes_careful_drivers, layout_basic,
          minmay_pentomino_u4
D:2:      layout_basic, basic_altar, uniq_sigmund
D:3:      layout_loops_ring, grunt_temple_overflow_open, gup_sewer_entry_glass
D:4:      nicolae_cairo_tiling, layout_loops_ring,
          nicolae_ossuary_entry_catacombs, dk_noncrumbling_2
D:5:      layout_gridville, nicolae_shop_gadgets

Skill      XL: |  1  2  3  4  5  6  7  8 |
---------------+-------------------------+-----
Conjurations   | 1 2 3 4 |  4.0
Air Magic      | 3 4 5 6 7 |  7.3
Dodging        | 1 2 3 4 5 |  5.0
Spellcasting   | 2 |  2.0
Fighting       | 3 4 |  4.2
Axes           | |  4.3
Evocations     | |  1.0

Action                     |  1- 3 |  4- 6 |  7- 9 || total
---------------------------+-------+-------+-------++-------
  Melee: Hand axe          |    51 |       |       ||    51
         Kick              |     9 |    14 |    27 ||    50
         Peck              |     7 |     1 |    26 ||    34
         Short sword       |     9 |    56 |   116 ||   181
         Punch             |       |       |     2 ||     2
   Cast: Shock             |    12 |    34 |     6 ||    52
    Use: Scroll            |     4 |     4 |     2 ||    10
         Potion            |       |     1 |       ||     1
 Armour: Leather armour    |     8 |     7 |       ||    15
         Ring mail         |       |    13 |    26 ||    39
  Dodge: Dodged            |    34 |    52 |    43 ||   129

Table legend: (Time is in decaauts)
 A = Elapsed time spent in this place.
 B = Non-inter-level travel time spent in this place.
 C = Inter-level travel time spent in this place.
 D = Time resting spent in this place.
 E = Time spent auto-exploring this place.
 F = Levels seen in this place.
 G = Mean time per level.
                   A        B        C        D        E       F      G
               +--------+--------+--------+--------+--------+-----+--------+
         Total |   4250 |   3732 |    518 |    574 |   1992 |   6 |  708.3 |
       Dungeon |   3856 |   3338 |    518 |    379 |   1911 |   5 |  771.2 |
         Sewer |    394 |    394 |      0 |    195 |     80 |   1 |  394.0 |
               +--------+--------+--------+--------+--------+-----+--------+

Top non-repeatable levels by time:
     D:4: 1241 daAuts
     D:1: 1056 daAuts
     D:3: 1010 daAuts
     D:2: 425 daAuts
   Sewer: 394 daAuts
     D:5: 124 daAuts
